General information
- name: BNet
- type: Ladder team game (AT/RT)
- host: Battle.net
- saver: Northshire.plz
map: Feralas
- players: 8
- length: 51:21
- speed: Fast
- version: 1.26 W3XP
- replay type: Public
» download(295 KB)
Players
team 1 (winner)
IC. (
orange | 39 APM | 957 actions | 24:25)
3 Archmage
1 Summon Water Elemental
2 Brilliance Aura
» actions
| Basic commands | 51 | |
| Build / train | 65 | |
| Enter build submenu | 18 | |
| Enter hero's abilities submenu | 3 | |
| Remove unit from queue | 2 | |
| Right click | 354 | |
| Select / deselect | 375 | |
| Use ability | 89 | |
957 total
» units
» upgrades
| Gunpowder | 3 | |
| Armor | 3 | |
| Flare | 1 | |
| Fragmentation Shards | 1 | |
| Masonry | 2 | |
10 total
» buildings
| Altar of Kings | 1 | |
| Farm | 10 | |
| Lumber Mill | 1 | |
| Scout Tower | 1 | |
| Blacksmith | 1 | |
| Arcane Tower | 1 | |
| Keep | 1 | |
| Castle | 1 | |
| Workshop | 3 | |
| Arcane Vault | 1 | |
21 total
» build order
00:27 Altar of Kings
00:43 Farm
01:00 Lumber Mill
01:19 Farm
01:35 Scout Tower
01:58 Blacksmith
02:08 Arcane Tower
03:12 Keep
03:14 Farm
03:57 Farm
04:42 Farm
05:25 Farm
05:43 Castle
05:48 Workshop
06:10 Workshop
06:12 Workshop
06:58 Farm
07:39 Farm
13:23 Farm
13:34 Farm
15:58 Arcane Vault
» items
| Scroll of Town Portal | 1 | |
| Scroll of Regeneration | 1 | |
2 total
TRUETHATDAWS (
teal | 66 APM | 3370 actions | 51:20)
6 Blademaster
3 Wind Walk
2 Critical Strike
1 Bladestorm
5 Shadow Hunter
3 Hex
2 Healing Wave
» actions
| Assign group hotkey | 66 | |
| Basic commands | 28 | |
| Build / train | 64 | |
| Enter build submenu | 19 | |
| Enter hero's abilities submenu | 11 | |
| Give item / drop item | 1 | |
| Remove unit from queue | 3 | |
| Right click | 1801 | |
| Select / deselect | 250 | |
| Select group hotkey | 995 | |
| Use ability | 132 | |
3370 total
» units
| Peon | 14 | |
| Grunt | 3 | |
| Wind Rider | 4 | |
| Troll Batrider | 5 | |
26 total
» upgrades
| Envenomed Spears | 1 | |
| Reinforced Defenses | 1 | |
| Ranged Weapons | 1 | |
| Armor | 1 | |
4 total
» buildings
| Altar of Storms | 1 | |
| Barracks | 1 | |
| Orc Burrow | 6 | |
| Stronghold | 3 | |
| Voodoo Lounge | 1 | |
| War Mill | 1 | |
| Great Hall | 1 | |
| Watch Tower | 11 | |
| Beastiary | 3 | |
| Fortress | 2 | |
30 total
» build order
00:06 Altar of Storms
00:21 Barracks
00:30 Orc Burrow
01:31 Orc Burrow
02:55 Stronghold
02:55 Stronghold
03:16 Voodoo Lounge
03:36 War Mill
04:11 Orc Burrow
05:06 Great Hall
05:23 Watch Tower
05:23 Watch Tower
05:24 Watch Tower
05:27 Watch Tower
05:27 Watch Tower
06:43 Watch Tower
07:02 Beastiary
07:48 Fortress
08:24 Beastiary
10:59 Orc Burrow
11:28 Orc Burrow
14:08 Orc Burrow
14:30 Watch Tower
16:39 Watch Tower
16:39 Watch Tower
16:39 Watch Tower
16:43 Watch Tower
18:10 Beastiary
» items
| Healing Salve | 4 | |
| Scroll of Town Portal | 3 | |
| Lesser Clarity Potion | 1 | |
| Tiny Great Hall | 1 | |
| Orb of Lightning | 1 | |
10 total
Northshire.plz (
green | 88 APM | 4521 actions | 51:21)
7 Mountain King
3 Storm Bolt
3 Bash
1 Avatar
» actions
| Assign group hotkey | 139 | |
| Basic commands | 42 | |
| Build / train | 189 | |
| ESC pressed | 11 | |
| Enter build submenu | 59 | |
| Enter hero's abilities submenu | 7 | |
| Give item / drop item | 1 | |
| Right click | 1897 | |
| Select / deselect | 389 | |
| Select group hotkey | 1603 | |
| Use ability | 184 | |
4521 total
» units
| Peasant | 27 | |
| Footman | 11 | |
| Gryphon Rider | 7 | |
| Dragonhawk Rider | 11 | |
56 total
» upgrades
| Lumber Harvesting | 3 | |
| Masonry | 3 | |
| Storm Hammers | 1 | |
| Swords | 3 | |
| Armor | 4 | |
| Cloud | 1 | |
| Animal War Training | 1 | |
16 total
» buildings
| Altar of Kings | 1 | |
| Barracks | 1 | |
| Farm | 9 | |
| Lumber Mill | 1 | |
| Arcane Vault | 3 | |
| Town Hall | 7 | |
| Scout Tower | 34 | |
| Guard Tower | 58 | |
| Keep | 5 | |
| Castle | 1 | |
| Gryphon Aviary | 2 | |
| Blacksmith | 2 | |
124 total
» build order
00:51 Altar of Kings
00:54 Barracks
00:57 Farm
01:05 Farm
01:28 Farm
01:46 Farm
01:53 Lumber Mill
02:30 Arcane Vault
04:13 Town Hall
04:15 Scout Tower
04:16 Scout Tower
04:18 Scout Tower
04:19 Scout Tower
04:53 Guard Tower
04:54 Guard Tower
04:54 Guard Tower
05:12 Guard Tower
05:43 Keep
05:44 Keep
05:47 Guard Tower
05:48 Guard Tower
05:50 Guard Tower
07:11 Scout Tower
07:11 Scout Tower
07:12 Scout Tower
07:13 Scout Tower
07:28 Scout Tower
07:41 Arcane Vault
07:58 Guard Tower
07:58 Guard Tower
07:59 Guard Tower
08:12 Castle
08:50 Gryphon Aviary
08:50 Gryphon Aviary
11:57 Guard Tower
11:58 Guard Tower
11:58 Guard Tower
11:58 Guard Tower
11:58 Guard Tower
12:03 Blacksmith
12:04 Blacksmith
12:35 Scout Tower
12:36 Scout Tower
13:06 Farm
13:07 Farm
13:08 Farm
15:30 Guard Tower
15:30 Guard Tower
18:47 Town Hall
18:49 Scout Tower
18:50 Scout Tower
18:51 Scout Tower
18:53 Scout Tower
18:54 Scout Tower
19:04 Scout Tower
19:06 Scout Tower
19:09 Scout Tower
19:09 Scout Tower
19:11 Scout Tower
19:22 Scout Tower
19:24 Scout Tower
19:25 Guard Tower
19:25 Guard Tower
19:25 Guard Tower
19:25 Guard Tower
19:29 Guard Tower
19:40 Scout Tower
19:40 Scout Tower
19:41 Scout Tower
19:42 Scout Tower
19:50 Guard Tower
19:50 Guard Tower
19:51 Guard Tower
19:51 Guard Tower
20:12 Guard Tower
20:12 Guard Tower
20:13 Guard Tower
20:19 Guard Tower
20:19 Guard Tower
21:07 Guard Tower
21:08 Guard Tower
21:08 Guard Tower
21:08 Guard Tower
21:08 Guard Tower
21:09 Guard Tower
22:15 Keep
22:15 Keep
23:45 Guard Tower
23:46 Guard Tower
24:35 Scout Tower
24:35 Scout Tower
24:35 Scout Tower
24:37 Scout Tower
24:38 Scout Tower
24:39 Scout Tower
24:39 Scout Tower
24:44 Guard Tower
24:46 Keep
25:35 Guard Tower
25:52 Arcane Vault
26:49 Guard Tower
27:33 Farm
27:36 Farm
37:03 Town Hall
37:19 Town Hall
37:53 Town Hall
38:09 Town Hall
39:19 Town Hall
» items
| Scroll of Regeneration | 9 | |
| Lesser Clarity Potion | 3 | |
| Potion of Mana | 1 | |
| Mechanical Critter | 1 | |
| Scroll of Town Portal | 7 | |
| Staff of Sanctuary | 2 | |
| Ivory Tower | 5 | |
28 total
ink718 (
yellow | 32 APM | 1462 actions | 46:14)
1 Shadow Hunter
1 Hex
» actions
| Assign group hotkey | 36 | |
| Basic commands | 8 | |
| Build / train | 37 | |
| Enter build submenu | 10 | |
| Enter hero's abilities submenu | 1 | |
| Remove unit from queue | 2 | |
| Right click | 622 | |
| Select / deselect | 659 | |
| Select group hotkey | 55 | |
| Use ability | 32 | |
1462 total
» units
| Peon | 6 | |
| Grunt | 16 | |
| Spirit Walker | 1 | |
23 total
» upgrades
» buildings
| Orc Burrow | 4 | |
| Altar of Storms | 1 | |
| Barracks | 1 | |
| Stronghold | 1 | |
| War Mill | 2 | |
| Fortress | 2 | |
| Spirit Lodge | 1 | |
12 total
» build order
00:06 Orc Burrow
00:25 Altar of Storms
00:54 Barracks
01:28 Orc Burrow
02:20 Orc Burrow
04:53 Stronghold
06:29 War Mill
07:02 Orc Burrow
07:09 War Mill
07:49 Fortress
07:49 Fortress
08:14 Spirit Lodge
» items
| Lesser Clarity Potion | 1 | |
| Scroll of Regeneration | 2 | |
3 total
team 2 (loser)

»
CatTheWicked (
pink | 40 APM | 2047 actions | 50:42)
6 Keeper of the Grove
3 Entangling Roots
2 Force of Nature
1 Tranquility
» actions
| Assign group hotkey | 56 | |
| Basic commands | 18 | |
| Build / train | 67 | |
| ESC pressed | 7 | |
| Enter build submenu | 24 | |
| Enter hero's abilities submenu | 6 | |
| Right click | 740 | |
| Select / deselect | 409 | |
| Select group hotkey | 645 | |
| Use ability | 75 | |
2047 total
» units
| Wisp | 16 | |
| Archer | 7 | |
| Hippogryph | 15 | |
| Huntress | 1 | |
| Chimaera | 3 | |
42 total
» upgrades
| Strength of the Wild | 3 | |
| Strength of the Moon | 2 | |
| Hippogryph Taming | 1 | |
| Sentinel | 1 | |
| Well Spring | 1 | |
| Corrosive Breath | 1 | |
| Reinforced Hides | 2 | |
| Marksmanship | 1 | |
12 total
» buildings
| Moon Well | 10 | |
| Altar of Elders | 1 | |
| Ancient of War | 1 | |
| Ancient of Wonders | 1 | |
| Hunter's Hall | 1 | |
| Tree of Life | 6 | |
| Tree of Ages | 1 | |
| Ancient of Wind | 1 | |
| Tree of Eternity | 1 | |
| Chimaera Roost | 2 | |
| Ancient Protector | 1 | |
26 total
» build order
00:28 Moon Well
00:31 Altar of Elders
01:03 Ancient of War
01:38 Moon Well
02:09 Ancient of Wonders
03:07 Moon Well
04:07 Hunter's Hall
06:07 Tree of Life
06:36 Tree of Ages
09:17 Ancient of Wind
09:45 Moon Well
10:12 Tree of Eternity
10:53 Moon Well
12:20 Moon Well
12:38 Chimaera Roost
12:41 Chimaera Roost
13:13 Ancient Protector
14:15 Moon Well
15:46 Moon Well
16:41 Moon Well
17:37 Moon Well
18:48 Tree of Life
19:46 Tree of Life
22:26 Tree of Life
25:43 Tree of Life
27:05 Tree of Life
» items
| Lesser Clarity Potion | 1 | |
| Scroll of Town Portal | 3 | |
4 total
Anawyn (
purple | 29 APM | 1466 actions | 49:57)
4 Priestess of the Moon
2 Searing Arrows
2 Trueshot Aura
2 Dark Ranger
1 Silence
1 Life Drain
» actions
| Assign group hotkey | 29 | |
| Build / train | 69 | |
| ESC pressed | 1 | |
| Enter build submenu | 23 | |
| Enter hero's abilities submenu | 9 | |
| Give item / drop item | 2 | |
| Remove unit from queue | 1 | |
| Right click | 555 | |
| Select / deselect | 349 | |
| Select group hotkey | 376 | |
| Use ability | 50 | |
1466 total
» units
» upgrades
| Strength of the Wild | 2 | |
| Reinforced Hides | 2 | |
| Abolish Magic | 1 | |
5 total
» buildings
| Altar of Elders | 1 | |
| Moon Well | 7 | |
| Hunter's Hall | 1 | |
| Ancient of War | 1 | |
| Ancient of Wonders | 1 | |
| Tree of Ages | 1 | |
| Ancient of Lore | 1 | |
| Tree of Life | 4 | |
| Tree of Eternity | 1 | |
| Ancient of Wind | 2 | |
20 total
» build order
00:19 Altar of Elders
00:27 Moon Well
01:25 Hunter's Hall
01:48 Moon Well
02:02 Ancient of War
02:14 Ancient of Wonders
02:30 Moon Well
03:56 Moon Well
05:04 Tree of Ages
05:39 Moon Well
07:34 Ancient of Lore
10:09 Moon Well
11:46 Tree of Life
15:03 Tree of Eternity
17:01 Moon Well
17:32 Ancient of Wind
18:11 Ancient of Wind
18:46 Tree of Life
24:53 Tree of Life
34:06 Tree of Life
» items
| Dust of Appearance | 1 | |
| Potion of Healing | 1 | |
| Staff of Preservation | 1 | |
| Moonstone | 1 | |
| Scroll of Town Portal | 1 | |
5 total
Yea (
red | 37 APM | 1884 actions | 51:19)
6 Blademaster
3 Wind Walk
2 Critical Strike
1 Bladestorm
» actions
| Assign group hotkey | 73 | |
| Basic commands | 154 | |
| Build / train | 63 | |
| Enter build submenu | 77 | |
| Enter hero's abilities submenu | 6 | |
| Give item / drop item | 3 | |
| Right click | 753 | |
| Select / deselect | 370 | |
| Select group hotkey | 219 | |
| Use ability | 166 | |
1884 total
» units
» upgrades
| Ranged Weapons | 3 | |
| Reinforced Defenses | 1 | |
| Armor | 3 | |
| Envenomed Spears | 1 | |
| Pillage | 1 | |
| Liquid Fire | 1 | |
| Ensnare | 1 | |
11 total
» buildings
| Orc Burrow | 10 | |
| Altar of Storms | 2 | |
| Barracks | 1 | |
| Voodoo Lounge | 5 | |
| Stronghold | 2 | |
| War Mill | 3 | |
| Great Hall | 6 | |
| Watch Tower | 58 | |
| Fortress | 2 | |
| Beastiary | 12 | |
101 total
» build order
00:13 Orc Burrow
00:53 Altar of Storms
00:54 Barracks
01:09 Orc Burrow
02:05 Voodoo Lounge
02:52 Stronghold
04:07 War Mill
04:32 Orc Burrow
05:43 Great Hall
05:46 Watch Tower
05:46 Watch Tower
05:46 Watch Tower
05:47 Watch Tower
06:05 Watch Tower
06:35 Watch Tower
06:43 Watch Tower
06:53 Watch Tower
07:08 Watch Tower
09:40 Fortress
11:42 Voodoo Lounge
12:19 Great Hall
12:35 War Mill
14:23 Watch Tower
14:24 Watch Tower
14:24 Watch Tower
14:28 Watch Tower
15:01 Stronghold
15:06 Watch Tower
15:06 Watch Tower
15:06 Watch Tower
15:07 Watch Tower
15:13 Orc Burrow
15:15 Orc Burrow
15:20 Orc Burrow
18:01 Altar of Storms
19:35 Fortress
19:39 Orc Burrow
19:44 Beastiary
19:45 Beastiary
19:45 Beastiary
19:46 Beastiary
20:29 Orc Burrow
20:30 Orc Burrow
21:11 War Mill
21:46 Orc Burrow
22:18 Great Hall
22:21 Watch Tower
22:21 Watch Tower
22:21 Watch Tower
22:22 Watch Tower
22:23 Watch Tower
22:24 Watch Tower
22:25 Watch Tower
22:25 Watch Tower
24:02 Voodoo Lounge
27:45 Watch Tower
27:46 Watch Tower
27:47 Watch Tower
27:47 Watch Tower
27:47 Watch Tower
27:50 Watch Tower
27:51 Watch Tower
27:51 Watch Tower
27:53 Watch Tower
27:54 Watch Tower
30:03 Great Hall
30:07 Watch Tower
30:08 Watch Tower
30:10 Watch Tower
30:11 Watch Tower
30:13 Watch Tower
30:13 Watch Tower
30:14 Watch Tower
30:15 Watch Tower
30:20 Watch Tower
30:21 Watch Tower
30:22 Watch Tower
30:23 Watch Tower
30:27 Voodoo Lounge
31:40 Beastiary
32:08 Beastiary
32:08 Beastiary
35:31 Great Hall
35:38 Watch Tower
35:38 Watch Tower
35:39 Watch Tower
35:40 Watch Tower
35:42 Watch Tower
35:43 Watch Tower
35:43 Watch Tower
35:44 Watch Tower
35:47 Watch Tower
35:47 Watch Tower
35:49 Watch Tower
35:50 Voodoo Lounge
37:43 Great Hall
40:22 Beastiary
40:22 Beastiary
40:23 Beastiary
40:23 Beastiary
40:24 Beastiary
» items
| Healing Salve | 6 | |
| Lesser Clarity Potion | 2 | |
| Potion of Mana | 2 | |
| Orb of Lightning | 1 | |
| Scroll of Town Portal | 1 | |
12 total

»
Silent_Assasin (
blue | 35 APM | 1790 actions | 50:56)
5 Priestess of the Moon
3 Trueshot Aura
2 Searing Arrows
» actions
| Build / train | 47 | |
| Enter build submenu | 17 | |
| Enter hero's abilities submenu | 5 | |
| Remove unit from queue | 2 | |
| Right click | 895 | |
| Select / deselect | 755 | |
| Use ability | 68 | |
1790 total
» units
» upgrades
| Strength of the Moon | 1 | |
| Moon Armor | 1 | |
| Abolish Magic | 1 | |
3 total
» buildings
| Moon Well | 5 | |
| Altar of Elders | 2 | |
| Hunter's Hall | 1 | |
| Ancient of War | 2 | |
| Ancient of Wonders | 1 | |
| Tree of Ages | 1 | |
| Ancient of Lore | 1 | |
| Ancient Protector | 3 | |
16 total
» build order
00:10 Moon Well
00:12 Altar of Elders
01:09 Hunter's Hall
01:42 Ancient of War
02:04 Ancient of War
02:28 Moon Well
03:55 Moon Well
05:08 Ancient of Wonders
06:26 Moon Well
06:26 Tree of Ages
08:13 Moon Well
09:25 Ancient of Lore
10:31 Ancient Protector
10:33 Ancient Protector
11:04 Ancient Protector
11:31 Altar of Elders
» items
| Scroll of Town Portal | 1 | |
| Potion of Healing | 1 | |
2 total
Chat log
(00:05 / All) Northshire.plz: NEW MAP WOOOOOOOOOO!
(00:11 / All) TRUETHATDAWS: lawl
(00:12 / Allies) ink718: rush
(00:15 / All) TRUETHATDAWS: this map is pro
(00:26 / Allies) ink718: rush
(00:27 / All) Northshire.plz: PRO MAP!!!!!! NEW MAP!!!!! WOOOOOOOOOO!!!!!!
(00:30 / Allies) ink718: all in for a rush
(00:51 / Allies) ink718: guys rush
(00:57 / Allies) TRUETHATDAWS: hit there if so
(01:00 / Allies) ink718: yea
(01:12 / All) TRUETHATDAWS: when did reset happen
(01:20 / All) Northshire.plz: Today didn't it
(01:20 / Allies) ink718: wedneday
(01:23 / All) Northshire.plz: oh
(02:55 / Allies) ink718: creep together
(02:58 / Allies) ink718: we hit a min
(03:03 / Allies) TRUETHATDAWS: yellow help me get an expo bro
(04:36 / Allies) ink718: u gusy rdy
(04:54 / Allies) ink718: lets go
(05:06 / Allies) ink718: oj wtf
(05:09 / Allies) ink718: where are your units
(05:16 / Allies) IC.: are you blind?
(05:32 / Allies) IC.: yellow can't see them
(05:32 / Allies) ink718: none of u guys have units
(05:33 / Allies) ink718: wtf
(05:35 / Allies) IC.: they hacking him
(05:40 / Allies) ink718: we are suppost t orush
(05:41 / Allies) Northshire.plz: I have a lot of units
(05:42 / Allies) Northshire.plz: asshole
(05:56 / All) TRUETHATDAWS: forgot this map has no
(08:09 / Allies) ink718: where the fuck r u guys
(08:09 / Allies) ink718: wow
(09:08 / All) Northshire.plz: I like this map
(09:11 / All) Northshire.plz: it's classy
(09:23 / All) TRUETHATDAWS: needs a shop
(10:50 / Allies) Northshire.plz: I see it asshole
(10:51 / Allies) Northshire.plz: stfu
(11:30 / All) Yea: orange mh
(11:45 / All) Yea: orange mhs
(11:48 / All) CatTheWicked: he used invis morts pbobably
(11:58 / All) Yea: he revealed me for no reason
(12:05 / All) CatTheWicked: flare?
(13:45 / Allies) TRUETHATDAWS: not red man
(13:51 / Allies) Northshire.plz: hit the players
(13:53 / Allies) Northshire.plz: with units
(13:54 / Allies) Northshire.plz: idiots
(14:02 / Allies) Northshire.plz: orange
(14:04 / Allies) Northshire.plz: you idiot
(14:05 / Allies) Northshire.plz: hit the players
(14:06 / Allies) Northshire.plz: with units
(14:08 / All) IC.: teal tk
(14:08 / Allies) Northshire.plz: you fucking clown
(14:09 / Allies) Northshire.plz: wtf
(14:12 / All) Northshire.plz: because you are a moron
(14:13 / All) Northshire.plz: why the fuck
(14:15 / All) Northshire.plz: are you hitting
(14:16 / All) Northshire.plz: the player
(14:17 / All) Northshire.plz: with nothing?
(14:23 / All) Northshire.plz: do you just WANt them both to build up?
(14:25 / All) Northshire.plz: fucking clown retard
(14:33 / All) IC.: gg, teal tk
(14:36 / All) Northshire.plz: kill yourself
(14:38 / All) Northshire.plz: dumb faggot
(14:53 / Allies) IC.: why you killing My mortar teal?
(15:02 / Allies) Northshire.plz: becaused you are a retard
(15:04 / Allies) Northshire.plz: retard
(15:09 / Allies) IC.: dumb niggers
(15:14 / Allies) Northshire.plz: you're a fucking retard nigger
(15:26 / Allies) IC.: you dumb niggers we had this won
(15:29 / Allies) IC.: why you tk
(15:32 / Allies) Northshire.plz: stfu dumb nigger retard
(15:34 / Allies) Northshire.plz: why attack red
(15:37 / Allies) Northshire.plz: wehn they have 2 players
(15:38 / Allies) Northshire.plz: building up
(15:39 / Allies) IC.: you the nigger here
(15:43 / Allies) Northshire.plz: stfu nigger
(15:45 / Allies) TRUETHATDAWS: cuz
(15:48 / Allies) IC.: your face
(15:48 / Allies) TRUETHATDAWS: red is my guy
(15:55 / Allies) IC.: look at yourself in the mirror
(16:05 / Allies) IC.: monkey
(16:17 / Allies) Northshire.plz: kill yourself
(16:18 / Allies) Northshire.plz: moron
(16:23 / Allies) IC.: you first fagget coon
(16:31 / Allies) IC.: queer
(16:42 / Allies) Northshire.plz: cocksucker motherfucker bitch faggot nigger cock
(16:49 / Allies) TRUETHATDAWS: lets rape pink or purple
(16:57 / Allies) IC.: your face queer coon
(16:59 / Allies) Northshire.plz: let's give purple the dick
(16:59 / Allies) TRUETHATDAWS: oj give me ur wood
(17:05 / Allies) Northshire.plz: oj give me your gold
(17:06 / Allies) IC.: bitch niggers
(17:43 / Allies) IC.: change your user name fagget
(17:47 / Allies) IC.: you on death list
(17:50 / Allies) Northshire.plz: uninstall bitch ass
(17:53 / Allies) Northshire.plz: we rape you every game
(17:59 / Allies) Northshire.plz: faggot licker
(17:59 / Allies) IC.: sure you do
(18:01 / Allies) IC.: pussy
(18:04 / Allies) Northshire.plz: cunt
(18:07 / Allies) IC.: keep changing your name
(18:10 / Allies) IC.: queer
(18:14 / Allies) Northshire.plz: change yours
(18:28 / Allies) IC.: nigger mouth boy
(18:35 / Allies) Northshire.plz: slut
(18:38 / Allies) Northshire.plz: ass rimmer
(18:40 / Allies) ink718: take that
(18:47 / Allies) ink718: guys play as a team and end it
(18:57 / All) IC.: red back out I tk green
(19:07 / All) Northshire.plz: try it queer
(19:15 / All) Northshire.plz: nigger monkey going to go apeshit on me?
(19:19 / All) Northshire.plz: faggot prick cocklick
(19:44 / Allies) ink718: get bats
(19:48 / Allies) ink718: nice
(21:17 / Allies) Northshire.plz: wood me
(21:25 / Allies) Northshire.plz: wood me bitch orange
(21:29 / Allies) TRUETHATDAWS: have none
(21:30 / Allies) IC.: dumb nigger
(21:30 / Allies) Northshire.plz: all you're good for is feeding me
(21:32 / Allies) TRUETHATDAWS: go above 50
(21:33 / Allies) IC.: shut your trap
(21:40 / Allies) Northshire.plz: kill yourself bitch
(21:51 / Allies) IC.: hang yourself green
(22:05 / Allies) IC.: you are better off dead
(22:24 / Allies) Northshire.plz: NICE
(22:25 / Allies) Northshire.plz: TRY
(22:26 / Allies) Northshire.plz: FUCKING
(22:27 / Allies) Northshire.plz: BITCH
(22:29 / Allies) IC.: green you are better off dead
(22:30 / Allies) Northshire.plz: CAN'T KILL ME IF YOU TRY
(22:31 / Allies) Northshire.plz: HAHAHAHA
(22:35 / Allies) IC.: lucky teal killed My mortar
(22:38 / Allies) IC.: homos
(22:45 / Allies) Northshire.plz: eat my shit
(22:48 / Allies) Northshire.plz: eat my ass
(22:50 / Allies) Northshire.plz: shit licker
(22:53 / Allies) IC.: feel brave on the net
(23:00 / Allies) Northshire.plz: that's what you're doing
(23:03 / Allies) IC.: you would break knees before Me in person
(23:04 / Allies) Northshire.plz: you'rea virtual nigger!
(23:14 / Allies) Northshire.plz: hahaha if that's what u like to believe
(23:16 / Allies) IC.: in real life you are a pussy wimp
(23:18 / Allies) Northshire.plz: it's what's in your heart that counts
(23:24 / Allies) Northshire.plz: all you do in real life, orange
(23:25 / Allies) IC.: put your ass in the dirt
(23:27 / Allies) Northshire.plz: is lick the shit from my asshole
(23:33 / Allies) Northshire.plz: you're just a shit licker faggot boy
(23:39 / Allies) Northshire.plz: little pussyboy
(23:43 / Allies) IC.: keep feeling brave cock sucking kid
(23:44 / Allies) Northshire.plz: cuntboy ass eater
(23:45 / Allies) ink718: stop fucking fighnting and fight the enemy
(23:46 / Allies) ink718: wtf
(23:59 / Allies) IC.: change your account name queer mouth boy
(24:05 / Allies) IC.: last time you will need it
(24:15 / Allies) Northshire.plz: change your name to "ieatmyalliessh1t"
(24:26 / Allies) Northshire.plz: shit eater
(25:25 / Allies) Northshire.plz: I think we had that but I couldn't tell
(25:40 / Allies) Northshire.plz: wood me queers
(25:43 / Allies) TRUETHATDAWS: make shop top
(25:45 / Allies) TRUETHATDAWS: side
(25:50 / Allies) Northshire.plz: no wood
(26:22 / Allies) TRUETHATDAWS: go above 50 food
(26:27 / Allies) Northshire.plz: I have 71 food dude
(26:30 / Allies) Northshire.plz: lawl
(26:32 / Allies) Northshire.plz: been over it forever
(26:44 / Allies) ink718: why the fuck u guys didnt help each others base out instead of letting it destroy
(26:53 / Allies) Northshire.plz: shut up fag boy
(27:00 / Allies) ink718: fucking noob
(27:06 / Allies) Northshire.plz: I'm winning for our team not you
(27:08 / Allies) Northshire.plz: baby back bitch
(27:10 / Allies) ink718: stfu
(27:22 / Allies) Northshire.plz: baby back bitch!
(27:32 / Allies) ink718: you gonna lose u fucking noob
(27:35 / Allies) ink718: for not helping
(27:41 / Allies) Northshire.plz: stfu noob
(27:41 / Allies) ink718: this ain a 1 man game u fuck
(27:43 / Allies) Northshire.plz: leave then noob
(27:48 / Allies) ink718: its a team game u noob
(27:51 / Allies) ink718: uninstall after u lose u fuck
(27:58 / Allies) ink718: im gonna watch u lose
(28:07 / Allies) ink718: so u can see how noob u r for not helping
(28:41 / Allies) TRUETHATDAWS: lets rape them
(28:43 / Allies) ink718: orc is getting bats u noob
(28:54 / Allies) ink718: scout that teal
(28:59 / Allies) ink718: with bm
(29:08 / Allies) Northshire.plz: stfu and lick my ass
(29:36 / All) Yea: DON'T LET GO
(29:38 / All) Yea: NEVER GIVE UP
(29:42 / All) Yea: IT'S SUCH A WONDERFUL LIFE
(29:59 / All) Yea: WONDERFUL WONDERFUL WONDERLIFE WONDERFUL WONDEFUL LIFE
(30:49 / Allies) Northshire.plz: stfu yellow
(30:54 / All) Yea: TRAITOR
(31:16 / All) CatTheWicked: gg red is a bser
(31:22 / All) Northshire.plz: gg faggot you suck
(31:23 / All) Yea: That's rich!
(31:24 / All) Northshire.plz: queer
(31:25 / All) Silent_Assasin: red is a complete dumbass
(31:29 / All) Yea: Pink started bsing me
(31:31 / All) CatTheWicked: very much so
(31:32 / All) Yea: then calls me bser
(31:37 / All) TRUETHATDAWS: pink wtf
(31:39 / All) CatTheWicked: he's got 20k gold and doing nothing but making towers
(31:40 / All) TRUETHATDAWS: REPORT PINK
(31:42 / All) Northshire.plz: you should file a report to blizzard
(31:44 / All) Northshire.plz: report pink
(31:49 / All) Northshire.plz: I will report him myself for sure
(31:50 / All) CatTheWicked: go ahead
(31:55 / All) Silent_Assasin: pink raped all of you
(32:02 / All) TRUETHATDAWS: catthewicked i am familiar with that name
(32:04 / All) Silent_Assasin: dumbshit red did fuckall
(32:10 / All) Northshire.plz: I'm plunging my mighty cock right into your bleeding asshole blue
(32:11 / All) CatTheWicked: the ONLY reason you noobs won was because we got bsed
(32:14 / All) TRUETHATDAWS: blue stfu we raped ur army lawl
(32:21 / All) Silent_Assasin: i dont give a fuck
(32:29 / All) Silent_Assasin: my army raped a base in rush
(32:32 / All) Northshire.plz: red
(32:35 / All) Silent_Assasin: and i held off greens atk
(32:36 / All) Northshire.plz: After these clowns
(32:39 / All) Northshire.plz: we are coming to own you too
(32:40 / All) Silent_Assasin: with 2 hunts
(32:45 / All) Yea: Bring IT
(32:55 / All) CatTheWicked: so red must be butt ramming on of you noobs
(33:02 / All) TRUETHATDAWS: orange tked us and nobody helped each other on our side; u should have won this
(33:04 / All) Northshire.plz: nice fantasy gay boy
(33:06 / All) CatTheWicked: how cute red you bs your team for your boyfriend
(33:09 / All) Silent_Assasin: no shit teal
(33:14 / All) Silent_Assasin: reds a goddamn dumbass
(33:15 / All) Yea: You bsed me retard
(33:18 / All) Yea: WTF you talking about
(33:22 / All) CatTheWicked: you're a joke
(33:24 / All) Yea: You started attacking me with your chims you noobie
(33:29 / All) TRUETHATDAWS: dont blame red fool u guy sshould have towered and defended ur expos better
(33:32 / All) CatTheWicked: you've bs'd this whole game
(33:33 / All) Yea: good riddance to bad rubbish
(33:38 / All) Northshire.plz: Red
(33:43 / All) Northshire.plz: want to report pink together?
(33:43 / All) CatTheWicked: you are bad rubbish
(33:48 / All) Northshire.plz: double report means double chance he gets banned
(33:50 / All) CatTheWicked: go ahead
(33:53 / All) CatTheWicked: LOL
(33:56 / All) CatTheWicked: ROFL!!!!!
(34:00 / All) TRUETHATDAWS: catthewicked why is ur name familiar
(34:02 / All) Northshire.plz: your cd key is forfeit scrub
(34:07 / All) CatTheWicked: go ahead report me
(34:12 / All) Northshire.plz: you're gonna get banned son
(34:15 / All) Northshire.plz: how mad you are bro?
(34:17 / All) Silent_Assasin: im sure hes raped u b4 teal
(34:18 / All) CatTheWicked: you keep dreaming
(34:21 / All) Northshire.plz: you're gonna get banned trash
(34:26 / All) CatTheWicked: riiiiiiiiiiiiight
(34:37 / All) Northshire.plz: how mad you are?
(34:39 / All) Northshire.plz: how mad you are son?
(34:45 / All) Silent_Assasin: reds trying to act like hes trolling but really hes just bad
(34:54 / All) CatTheWicked: L
(34:55 / All) CatTheWicked: O
(34:56 / All) CatTheWicked: L
(35:17 / All) TRUETHATDAWS: bad boy
(35:27 / All) CatTheWicked: green you know you would have lost if he didn't bs so keep storking your little manhood all you want =)
(35:35 / All) Northshire.plz: I'll keep stroking it bro
(35:36 / All) TRUETHATDAWS: pink stfu we had bsers too
(35:38 / All) TRUETHATDAWS: orange bsed us
(35:44 / All) Silent_Assasin: ya right
(35:45 / All) TRUETHATDAWS: its fair
(35:48 / All) Northshire.plz: orange did bs us
(35:49 / All) CatTheWicked: you're so full of it teal
(35:51 / All) Northshire.plz: he mortared my base
(35:53 / All) Northshire.plz: watch replay
(35:54 / All) TRUETHATDAWS: u guys lost perfectly fair
(35:55 / All) Northshire.plz: I owned him
(35:55 / All) CatTheWicked: I"m SO sure
(35:58 / All) Northshire.plz: I can deal with 1 tker
(35:58 / Allies) ink718: take it out
(35:59 / Allies) ink718: wtf
(36:06 / All) Northshire.plz: unlike you scrub noob bitch ass licking prick motherfucker virgins
(36:07 / All) Silent_Assasin: keep thinking that teal
(36:07 / All) TRUETHATDAWS: going chippo is lame; u should lose for that
(36:11 / All) Northshire.plz: Pink, blue
(36:19 / All) Northshire.plz: yellow, purple, red
(36:25 / All) CatTheWicked: LOL I owned both you and green each time you hit my base kid
(36:29 / All) Northshire.plz: how does it feel to know that while you noobs are here getting losses in wc3
(36:31 / All) Northshire.plz: I'm winning
(36:33 / All) Silent_Assasin: mass wyverns pro teal
(36:34 / All) TRUETHATDAWS: chippo is op thats y
(36:36 / All) Northshire.plz: and have a hot gf sucking my dick
(36:39 / All) CatTheWicked: you
(36:40 / All) Northshire.plz: and I'm a multimillionaire?
(36:41 / All) CatTheWicked: wrecked
(36:48 / All) TRUETHATDAWS: pink mad
(36:51 / All) TRUETHATDAWS: mad cuz he bad
(36:53 / All) Northshire.plz: Mad at my money?
(36:55 / All) CatTheWicked: play money doesn't count green put it back in the box
(36:57 / All) Northshire.plz: or just mad cuz u bad?
(37:15 / All) CatTheWicked: like I said i wrecked you and teal each time you came to my base =D
(37:21 / All) TRUETHATDAWS: pink if i had 3 apples and took away 2 apples
(37:24 / All) Northshire.plz: I came in your base
(37:26 / All) TRUETHATDAWS: how many do ihave
(37:45 / All) TRUETHATDAWS: yet u were too stupid to tower ur expo pink
(37:48 / All) CatTheWicked: teal if you could get out of your mom's basement what would that mean for your sex life?
(37:50 / All) TRUETHATDAWS: thats y u lost
(37:53 / All) TRUETHATDAWS: u never defended ur expo
(38:01 / All) Northshire.plz: Teal is my friend he's a millionaire too
(38:22 / All) CatTheWicked: like i said kid, play money doesn't count
(38:28 / All) TRUETHATDAWS: i make fat ggg's like in mass effect 3 son
(38:31 / All) Northshire.plz: Lol keep being jealous fag
(38:34 / All) Northshire.plz: imagine no one else has money
(38:40 / All) CatTheWicked: jealous? of you?
(38:41 / All) Northshire.plz: because you're a fat virgin loser bitch motherfucker faggot
(38:42 / All) CatTheWicked: ROFL!!!
(38:55 / All) Northshire.plz: how's life treating you 8-5 birgin
(39:03 / All) CatTheWicked: see
(39:19 / All) TRUETHATDAWS: u give us no credit pink, me and green 1v4'd u guys
(39:22 / All) CatTheWicked: ppl who throw out the "fat" person insult do so because they themselves are fat
(39:33 / All) CatTheWicked: you guys had a full team
(39:34 / All) Silent_Assasin: teal watch the replay b4 u talk shit
(39:35 / All) CatTheWicked: we had a bser
(39:36 / All) TRUETHATDAWS: 2v4 i mean
(39:37 / All) Northshire.plz: I'm a fit muscular 6'5" tall multimillionaire with a hot girlfriend
(39:38 / All) Yea: Teal and green 1 v 4'd you chumps stop blaming me
(39:39 / All) Northshire.plz: what are you?
(39:40 / All) Yea: fucking fags
(39:42 / All) TRUETHATDAWS: oj was a bser and yellow had nothing
(39:43 / All) CatTheWicked: LOL!!!!!!!!!!!!
(39:58 / All) Northshire.plz: you're just "CatTheWicked"
(40:01 / All) TRUETHATDAWS: i dont even remember yellow having one unit this game
(40:02 / All) Silent_Assasin: cuz we rushed him and u didnt help fucker
(40:03 / All) Yea: My team is garbage this was not even a fair match
(40:06 / All) Northshire.plz: my family owns stocks in every major business in the USA
(40:06 / All) CatTheWicked: if by "hot girlfriend" you mean a blow doll then sure I'll go with that
(40:19 / All) Northshire.plz: Any bitch is my blow doll I'm so rich, bitch
(40:23 / All) Northshire.plz: you're my bitch, bitch
(40:29 / All) CatTheWicked: L
(40:30 / All) CatTheWicked: O
(40:31 / All) CatTheWicked: L
(40:35 / All) Northshire.plz: How mad you are?
(40:45 / All) Northshire.plz: I have threesome every two weeks bro
(40:47 / All) CatTheWicked: beyond amused LOL!!
(40:49 / All) Northshire.plz: without even knowing their names
(40:55 / Allies) TRUETHATDAWS: cant risk it yellow his army is near
(40:59 / All) Silent_Assasin: you must have two sisters
(41:05 / All) TRUETHATDAWS: i have sisters
(41:07 / All) CatTheWicked: so that's your blow up doll your mom and your sister
(41:19 / All) Northshire.plz: You're just jealous poorfags
(41:19 / All) CatTheWicked: or
(41:23 / All) CatTheWicked: your baby sitter? O.o
(41:34 / All) CatTheWicked: =O you bang your baby sittter??!!!!
(41:42 / All) Northshire.plz: I'm banging you
(41:46 / All) Northshire.plz: I fuck you this game
(41:49 / All) CatTheWicked: does she know you're up this late? I'm SURE it's past your bed time
(41:50 / All) Northshire.plz: get fucked and cucked faggot
(41:54 / All) CatTheWicked: you
(41:54 / All) CatTheWicked: and
(41:55 / All) CatTheWicked: teal
(41:56 / All) CatTheWicked: got
(41:58 / All) CatTheWicked: wrecked
(41:59 / All) CatTheWicked: each
(41:59 / All) CatTheWicked: time
(42:00 / All) CatTheWicked: yoyu
(42:01 / All) Northshire.plz: I raped you hard
(42:03 / All) CatTheWicked: came
(42:04 / All) CatTheWicked: to
(42:04 / All) Northshire.plz: you're obviously mad
(42:05 / All) CatTheWicked: my
(42:06 / All) CatTheWicked: base
(42:07 / All) CatTheWicked: s
(42:08 / All) Northshire.plz: mad?
(42:09 / All) Northshire.plz: mad?
(42:09 / All) CatTheWicked: so
(42:10 / All) Northshire.plz: mad?
(42:11 / All) Northshire.plz: mad?
(42:11 / All) CatTheWicked: gg
(42:12 / All) CatTheWicked: noob
(42:13 / All) Northshire.plz: mad?
(42:14 / All) Northshire.plz: how mad you are?
(42:15 / All) CatTheWicked: kid
(42:16 / All) CatTheWicked: =D
(42:16 / All) Northshire.plz: how mad you are?
(42:17 / All) TRUETHATDAWS: dude we raped ur army last fight u just tped away
(42:18 / All) Northshire.plz: how mad you are?
(42:20 / All) Yea: pink is like the crack whore that said I may have sucked a fat dick
(42:25 / All) Yea: to feed my coke addiction
(42:29 / All) Northshire.plz: Even red agrees you are just a bitch crack whore slut whore
(42:30 / All) Yea: but at least I didn't give up the ass
(42:36 / All) CatTheWicked: expressing your life style red?
(42:39 / All) CatTheWicked: pls share more
(42:44 / All) Yea: No just oyur mother's
(42:45 / All) CatTheWicked: like i care
(42:50 / All) Northshire.plz: "I know you are but what am I" real original insult motherfucker gay faggot bitch sucker
(42:51 / All) Yea: You should care about your mother
(43:03 / All) CatTheWicked: 1v2 and i owned you both so you two noobs can QQ all you want =D
(43:06 / All) Yea: how you treat your crack whore mother refllects back on you
(43:11 / All) Northshire.plz: I owned you hard
(43:14 / All) Yea: I was stuck with newbie allies
(43:21 / All) CatTheWicked: what's even worse is i've been owning all three of you in this convo
(43:22 / All) Northshire.plz: Pink I'm fucking your mother
(43:30 / All) Northshire.plz: Your mother is sucking my dick right now
(43:36 / All) Northshire.plz: how mad you are?
(43:37 / All) CatTheWicked: lol!!!!!
(43:44 / All) CatTheWicked: you
(43:46 / All) CatTheWicked: got
(43:47 / All) CatTheWicked: owned
(43:47 / All) Northshire.plz: I'm fucking your mom
(43:50 / All) Silent_Assasin: at least he has a mother
(43:50 / All) Northshire.plz: I'm fucking her hard
(43:51 / All) Northshire.plz: mmmm
(43:52 / All) CatTheWicked: you
(43:53 / All) CatTheWicked: got
(43:55 / All) CatTheWicked: owned
(43:56 / All) Silent_Assasin: i raped and killed yours
(44:12 / All) Northshire.plz: I'm fucking your mother blue
(44:15 / All) Northshire.plz: in threesome with pink's mom
(44:18 / All) Northshire.plz: I'm fucking your moms
(44:23 / All) CatTheWicked: WRECKED
(45:03 / All) CatTheWicked: it shows how bad you guys are when you need someone to bs their team to win =\ poor kids\
(45:03 / Allies) Northshire.plz: Ylloe wstfu baby back bitch faggot cuntboy
(45:07 / All) Silent_Assasin: red stop bulding tauren
(45:11 / Allies) Northshire.plz: you do nothing all game don't order us around
(45:11 / All) Silent_Assasin: they have air
(45:12 / All) Yea: Pink tried to BS
(45:14 / All) Yea: but got raped
(45:16 / All) Northshire.plz: Orange BSed
(45:18 / All) TRUETHATDAWS: (30:44 / All) CatTheWicked: you go ahead and bs for your butt buddy im going to alt tab and watch a movie
(45:20 / All) Yea: then he calls me a bser for defending myself
(45:20 / All) Northshire.plz: We both had tkers faggot
(45:28 / All) CatTheWicked: awwww poor teal
(45:31 / All) CatTheWicked: you mad bro?
(45:34 / All) CatTheWicked: that you got wrecked?
(45:35 / All) CatTheWicked: yea
(45:37 / Allies) ink718: u dumb fucks could of had end the game if u play as a team
(45:38 / All) Northshire.plz: You got wrecked son
(45:44 / All) Northshire.plz: I'm wrecking your mother pink
(45:44 / All) Yea: Pink you are the bser
(45:49 / All) Yea: You attacked me I defended myself
(45:53 / All) CatTheWicked: you mad bro?
(45:56 / All) Yea: Yeah
(45:56 / All) Northshire.plz: Pink
(45:59 / All) Yea: I'm angry
(46:00 / All) CatTheWicked: you mad bro?
(46:01 / All) Northshire.plz: How mad are you that I'm fucking your mother
(46:02 / All) Yea: I despise traitors
(46:04 / All) Northshire.plz: how mad you are ?
(46:06 / All) Yea: TRAITORS
(46:08 / All) CatTheWicked: you mad bro?
(46:09 / All) Yea: TTHEY"RE EVERYWHERE
(46:13 / All) Yea: I kick ass and take names to win this war
(46:15 / All) CatTheWicked: you jelly?
(46:17 / All) Northshire.plz: Pink is just copying the master now
(46:18 / All) Yea: Tehn I got traitors like yousrelf
(46:21 / All) Northshire.plz: copying my insults like "you mad bro"
(46:25 / All) Northshire.plz: I came up with that one faggot
(46:28 / All) Northshire.plz: now you'r stealing it
(46:32 / All) CatTheWicked: you jelly bro? that I wrecked you and your man friend?
(46:35 / All) Yea: How mad you are that you had to attack me?|
(46:37 / All) CatTheWicked: QQ more?
(46:43 / All) Yea: You jelly of my 30k|?
(46:46 / All) Yea: That why you tried to tk me?
(46:51 / All) CatTheWicked: yea
(46:53 / All) CatTheWicked: that's what I though
(46:55 / All) TRUETHATDAWS: 32:41 / All) CatTheWicked: do you dress up in gay pride week and go to a parade?
(47:03 / All) Yea: I think Pink should lose!
(47:09 / All) Yea: What do you guys think?
(47:14 / All) Yea: BSERS DESERVE TO LOSE
(47:14 / All) TRUETHATDAWS: agreed
(47:16 / All) Yea: PINK GOTTA LOSE!
(47:17 / All) CatTheWicked: teal still hasn't bounced back from me trashing him
(47:18 / All) Northshire.plz: Pink is a tker
(47:21 / All) Northshire.plz: WE're goign to report him
(47:25 / All) Northshire.plz: he'll REALLY lose when he gets banned
(47:29 / All) CatTheWicked: go ahead=D
(47:34 / All) CatTheWicked: wont happen
(47:44 / All) TRUETHATDAWS: pink very mad
(47:44 / All) Northshire.plz: You're going to get banned pink
(47:51 / All) Northshire.plz: how mad are you that you're going to get banned?
(47:55 / All) Northshire.plz: how mad you are?
(47:57 / All) CatTheWicked: all you little kids have done is prove to me that blue, purp and I are the better players =-D
(48:12 / All) Yea: you get a loss
(48:15 / All) Yea: how can yo ube better
(48:16 / All) Northshire.plz: How am I winning then?
(48:21 / All) Yea: I'll have a higher score
(48:25 / All) Northshire.plz: I win, therefore I am the better player
(48:31 / All) TRUETHATDAWS: ill have third highest score likely
(48:33 / All) Northshire.plz: yeah guaranteed red and me are higher on the score screen than you
(48:44 / All) CatTheWicked: you're trying to brag about a win that was handed to yu
(48:45 / All) Northshire.plz: Pink we're all gonna beat you in score
(48:47 / All) TRUETHATDAWS: at best pink, ur the 4th best player in this game
(48:47 / All) Northshire.plz: you're a noob lol
(48:48 / All) Silent_Assasin: thats all that matters is the score screen
(48:49 / All) CatTheWicked: you're a joke LOL
(48:51 / All) Yea: I'll have higher score without getting over 50 food
(48:52 / All) Northshire.plz: can't even get a high score in 4v4
(48:53 / All) Yea: jellY?
(48:53 / All) Northshire.plz: lmfao
(49:03 / All) Yea: I'll have more units killed without getting over 50 food
(49:05 / All) Yea: jelly?
(49:06 / All) CatTheWicked: wow ppl still think scores matter?
(49:09 / All) CatTheWicked: LOL what a joke!!
(49:13 / All) Yea: I'll have more hero kills iwthout getting over 50 food
(49:14 / All) Yea: jelly?
(49:16 / All) Yea: how mad you are?
(49:17 / All) Northshire.plz: I'm a multimillionaire I've scored at life
(49:24 / All) CatTheWicked: you poor kids =\
(49:24 / All) Northshire.plz: I scored at your mother today too
(49:28 / All) Silent_Assasin: red seriously has mental problems lol
(49:33 / All) TRUETHATDAWS: i hope we get pink on one of hte new maps northshire, he'll get pawned then again
(49:35 / All) CatTheWicked: they all do
(49:36 / All) Silent_Assasin: he got mad about something
(49:38 / All) Northshire.plz: Blue I fucked your mom
(49:45 / All) Silent_Assasin: and had an episode
(49:50 / All) CatTheWicked: teal you can't pwn the computer on easy mode
(50:12 / All) TRUETHATDAWS: but u can pawn a cheeseburger tho
(50:22 / All) Silent_Assasin: lol pawn
(50:24 / All) Northshire.plz: pink is a cheese burger pawner
(50:29 / All) Northshire.plz: he workers at mcdonalds
(50:31 / All) CatTheWicked: so not only did i wreck teal and green EVERYTIME but all of you got owned in this convo
(50:34 / All) TRUETHATDAWS: HIP HIP HORRAY
(50:34 / All) Yea: pink old base 2 ttower
(50:35 / All) Silent_Assasin: do you think theyd buy a cheeseburger at the pawn shop?
(50:38 / All) Yea: 1 tower
(50:39 / All) CatTheWicked: get some balls next time noobs =D
(50:40 / All) Northshire.plz: I owned your mom pink
(50:45 / All) TRUETHATDAWS: lawl
(50:59 / All) Yea: I think orange had mh
(51:02 / All) Yea: want to give mh a loss?
(51:11 / All) Northshire.plz: your team had the bigger fags I think
(51:12 / All) Northshire.plz: if not mh
(51:14 / All) TRUETHATDAWS: catthewicked i say but up to u
(51:18 / All) Northshire.plz: I say your team too